 Dungeon Crawl Stone Soup version 0.24.0-37-gcf1ca852f1 (webtiles) character file.

Game seed: 13160777315080040458, levelgen mode: deterministic

37 Belius the Skirmisher (level 3, -2/30 HPs)
             Began as a Formicid Abyssal Knight on Dec 5, 2019.
             Was a Follower of Lugonu.
             Slain by an adder (5 damage)
             ... on level 2 of the Dungeon.
             The game lasted 00:03:06 (1192 turns).

Belius the Skirmisher (Formicid Abyssal Knight)     Turns: 1192, Time: 00:03:07

Health: -2/30      AC:  3    Str: 17    XL:     3   Next: 62%
Magic:  4/4        EV:  6    Int: 11    God:    Lugonu [*.....]
Gold:   16         SH: 11    Dex: 10    Spells: 2/2 levels left

rFire    . . .     SeeInvis +   a - +1 falchion
rCold    . . .     Gourm    .   h - +0 large shield
rNeg     . . .     Faith    .   b - +0 leather armour
rPois    .         Spirit   .   (helmet unavailable)
rElec    .         Reflect  .   (no cloak)
rCorr    .         Harm     .   (no gloves)
MR       .....                  (no boots)
Stlth    +.........             (no amulet)
HPRegen  0.10/turn              (no ring)
MPRegen  0.09/turn              (no ring)

@: lethally poisoned (-2 -> -14)
A: permanent stasis, dig shafts and tunnels, four strong arms, antennae 3
a: Dig, Shaft Self, Depart the Abyss, Renounce Religion


You were on level 2 of the Dungeon.
You worshipped Lugonu.
Lugonu was aware of your devotion.
You were not hungry.

You visited 1 branch of the dungeon, and saw 2 of its levels.
You visited the Abyss 1 time.

You collected 16 gold pieces.

Inventory:

Hand Weapons
 a - a +1 falchion (weapon)
Armour
 b - a +0 leather armour (worn)
 h - a +0 large shield (worn)
Scrolls
 d - a scroll of enchant armour {unknown}
 e - a scroll of remove curse {unknown}
 g - a scroll of amnesia {unknown}
Potions
 f - a potion of flight {unknown}
Comestibles
 c - 5 rations


   Skills:
 + Level 4.0 Fighting
 + Level 2.3 Long Blades
 + Level 2.5 Armour
 - Level 1.0 Dodging
 + Level 0.4 Stealth
 + Level 0.3 Shields
 + Level 2.5 Invocations


You had 2 spell levels left.
You didn't know any spells.
Your spell library was empty.

Dungeon Overview and Level Annotations

Branches:
Dungeon (2/15)

Altars:


Innate Abilities, Weirdness & Mutations

You cannot be hasted, slowed, berserked, paralysed or teleported.
You can dig through walls and to a lower floor.
Your four strong arms can wield two-handed weapons with a shield.
You have a pair of large antennae on your head. (SInv)


Message History

The adder is almost dead.
You feel sick. You block the adder's attack. x2
You closely miss the adder.
The adder is almost dead.
The adder bites you. x2
* * * LOW HITPOINT WARNING * * *
You are lethally poisoned!
The adder poisons you!
You miss the adder.
The adder is almost dead.
* * * LOW HITPOINT WARNING * * *
You feel sick. You block the adder's attack.
You hit the adder.
The adder is almost dead.
* * * LOW HITPOINT WARNING * * *
You feel sick. The adder bites you.
* * * LOW HITPOINT WARNING * * *
You are more poisoned.
The adder poisons you! The adder bites you.
You die...

.#
#.####..#
#.# #.#
.# #.#
#..# #.#
#.# .#
#.# #..#
#.# #.#
.. ..#
#..# #.#
#.# ###
#..#
#.###.#
...[#.#
#.#.#
#...#
#@###
#...S.#
###.###
#. #


You could see an adder.

Vanquished Creatures
  A dart slug (D:1)
  3 leopard geckos (D:1)
  A giant cockroach (D:1)
  6 goblins
  3 hobgoblins (D:1)
  5 bats
  3 frilled lizards (D:1)
  6 kobolds
  4 rats (D:1)
32 creatures vanquished.

Notes
Turn   | Place    | Note
-------+----------+-------------------------------------------
     0 | Abyss:1  | Belius the Formicid Abyssal Knight began the quest for the
                  | Orb.
     0 | Abyss:1  | Reached XP level 1. HP: 18/18 MP: 2/2
    93 | Abyss:1  | Noticed a smoke demon
    95 | D:1      | Escaped the Abyss
   183 | D:1      | Reached * piety under Lugonu
   227 | D:1      | Reached XP level 2. HP: 24/24 MP: 3/3
   318 | D:1      | Reached skill level 1 in Dodging
   526 | D:1      | Reached XP level 3. HP: 23/30 MP: 4/4
   692 | D:1      | Reached skill level 4 in Fighting
  1192 | D:2      | Slain by an adder

Levels and vault maps discovered:
D:1:      nzn_arrival_depleted_hourglass, layout_loops_corners
D:2:      layout_loops_ring, first_ration, hangedman_decor_points,
          minmay_fountain_box, uniq_terence

Skill      XL: |  1  2  3 |
---------------+----------+-----
Dodging        | 1 |  1.0
Fighting       | 4 |  4.0
Long Blades    | |  2.3
Armour         | |  2.5
Stealth        | |  0.4
Shields        | |  0.3
Invocations    | |  2.5

Action                   || total
-------------------------++-------
Melee: Falchion          ||   112
Invok: Depart the Abyss  ||     1
  Eat: Chunk             ||     1
Armor: Leather armour    ||    39
Dodge: Dodged            ||    62
Block: Large shield      ||    32
       Rpst.: Falchion   ||    20
